 Dungeon Crawl Stone Soup version 0.25.0-9-g26727b657a (webtiles) character file.

Game seed: 7448225639492565048

132 Infinimo the Magician (level 4, -43/30 HPs)
             Began as a Mummy Wizard on June 17, 2020.
             Killed from afar by Natasha (51 damage)
             ... with an exploding inner flame
             ... hexed by the player character
             ... on level 3 of the Dungeon.
             The game lasted 00:03:07 (3327 turns).

Infinimo the Magician (Mummy Wizard)                Turns: 3327, Time: 00:03:08

Health: -43/30     AC:  4    Str: 10    XL:     4   Next: 92%
Magic:  1/10       EV: 12    Int: 18    God:
Gold:   140        SH:  0    Dex: 10    Spells: 2/11 levels left

rFire    x . .     SeeInvis .   f - +1 short sword (speed)
rCold    + . .     Gourm    .   (no shield)
rNeg     + + +     Faith    .   a - +0 robe
rPois    ∞         Spirit   .   b - +0 hat
rElec    .         Reflect  .   (no cloak)
rCorr    .         Harm     .   (no gloves)
MR       .....                  c - +1 pair of boots
Stlth    ++........             (no amulet)
HPRegen  0.10/turn              (no ring)
MPRegen  0.12/turn              (no ring)

@: slowed, very slow
A: no food or potions, fire vulnerability, cold resistance 1, negative energy
resistance 3, torment resistance, unbreathing
a: no special abilities


You were on level 3 of the Dungeon.
You were not hungry.

You visited 1 branch of the dungeon, and saw 3 of its levels.

You collected 140 gold pieces.

Inventory:

Hand Weapons
 f - a +1 short sword of speed (weapon)
Armour
 a - a +0 robe (worn)
 b - a +0 hat (worn)
 c - a +1 pair of boots (worn)
Jewellery
 g - a +4 ring of evasion {unknown}
 i - a cursed -4 ring of dexterity {unknown}
Scrolls
 d - 3 scrolls of identify
 e - a scroll of remove curse


   Skills:
 - Level 1.5 Dodging
 - Level 1.5 Stealth
 - Level 4.0 Spellcasting
 + Level 4.0 Conjurations
 - Level 0.7 Summonings
   Level 0.7 Translocations


You had 2 spell levels left.
You knew the following spells:

 Your Spells              Type           Power        Failure   Level  Hunger
a - Magic Dart            Conj           ###.         2%          1    N/A
b - Conjure Flame         Conj/Fire      ##......     19%         3    N/A
c - Mephitic Cloud        Conj/Pois/Air  #.......     26%         3    N/A
d - Call Imp              Summ           #.......     17%         2    N/A

Your spell library contained the following spells:

 Spells                   Type           Power        Failure   Level  Hunger
 Blink                    Tloc           N/A          17%         2    N/A
 Slow                     Hex            #.......     22%         2    N/A
 Sticks to Snakes         Tmut           #.......     22%         2    N/A
 Beastly Appendage        Tmut           Unusable     N/A         1    N/A
 Spider Form              Tmut/Pois      Unusable     N/A         3    N/A
 Ice Form                 Ice/Tmut       Unusable     N/A         4    N/A
 Blade Hands              Tmut           Unusable     N/A         5    N/A

Dungeon Overview and Level Annotations

Branches:
Dungeon (3/15)

Altars:
Ashenzari
Cheibriados


Innate Abilities, Weirdness & Mutations

You do not eat or drink.
Your flesh is vulnerable to fire.
You are immune to poison.
Your flesh is cold resistant. (rC+)
You are immune to negative energy. (rN+++)
You are immune to unholy pain and torment.
You can survive without breathing.


Message History

Natasha howls an incantation.
Natasha glows brightly for a moment.
Natasha claws you.
* * * LOW HITPOINT WARNING * * *
The shadow imp barely misses you.
You can't drink.
As you read the scroll labeled PAENAHAIKK, it crumbles to dust.
The creatures around you are filled with an inner flame!
It was a scroll of immolation.
Natasha casts a spell at you.
You feel yourself slow down. The shadow imp misses you.
Okay, then.
You can't drink.
You hit Natasha.
Flame seeps out of Natasha.
Natasha is severely wounded.
Natasha is engulfed in blazing flames.
Natasha explodes!
The fiery explosion engulfs you!!! The fire burns you terribly!
Ouch! That really hurt!
You die...

#########
#.......#
#.#####.#
#.#....<#
#.#.###.#
#.#.....#
#.########..
#..5@○......
##########..


You could see a shadow imp (summoned, inner flame).

Vanquished Creatures
  A howler monkey (D:2)
  3 adders (D:2)
  An ooze (D:2)
  2 adder zombies (D:1)
  4 worms (D:2)
  2 dart slugs (D:2)
  3 giant cockroaches
  3 goblins
  7 hobgoblins
  2 jackals (D:1)
  A quokka (D:2)
  6 bats
  A frilled lizard (D:2)
  9 kobolds
  3 rats
48 creatures vanquished.

Notes
Turn   | Place    | Note
-------+----------+-------------------------------------------
     0 | D:1      | Infinimo the Mummy Wizard began the quest for the Orb.
     0 | D:1      | Reached XP level 1. HP: 13/13 MP: 5/5
    22 | D:1      | Reached skill level 1 in Conjurations
    93 | D:1      | Reached XP level 2. HP: 2/19 MP: 0/7
  1332 | D:1      | Reached XP level 3. HP: 24/24 MP: 5/8
  2257 | D:2      | Reached XP level 4. HP: 17/30 MP: 3/10
  2834 | D:2      | Learned a level 3 spell: Conjure Flame
  2838 | D:2      | Learned a level 3 spell: Mephitic Cloud
  2841 | D:2      | Learned a level 2 spell: Call Imp
  3158 | D:2      | Found a shattered altar of Ashenzari.
  3158 | D:2      | Found a snail-covered altar of Cheibriados.
  3307 | D:3      | Noticed Natasha
  3327 | D:3      | Killed Natasha
  3327 | D:3      | Killed from afar by Natasha

Illustrated notes

Levels and vault maps discovered:
D:1:      saegor_arrival_fortress, layout_loops_ring
D:2:      layout_basic, gammafunk_temple_overflow_wave, first_ration
D:3:      layout_basic, uniq_natasha

Skill      XL: |  1  2  3  4 |
---------------+-------------+-----
Conjurations   | 1 2 3 4 |  4.0
Dodging        | |  1.5
Stealth        | |  1.5
Spellcasting   | |  4.0
Summonings     | |  0.7
Translocations | |  0.7

Action                   |  1- 3 |  4- 6 || total
-------------------------+-------+-------++-------
Melee: Unarmed           |     9 |       ||     9
       Hand axe          |     7 |       ||     7
       Short sword       |    11 |     5 ||    16
 Cast: Magic Dart        |    90 |    62 ||   152
  Use: Scroll            |     1 |     1 ||     2
Armor: Robe              |     5 |     9 ||    14
Dodge: Dodged            |    34 |    18 ||    52
